PL
BOSTON PATRIOTS @ PORTLAND EVERGREENS
05/19/2034
 
TOP OF THE 1ST
Boston Patriots batting - Pitching for Portland Evergreens : RHP Jeff Porter
Pitching: RHP Jeff Porter
Batting: RHB Roland Deschain 0-0: Called Strike
0-1: Ball
1-1: Ball
2-1: Foul Ball, location: 2F
2-2: Strikes out swinging
Batting: LHB Manuel Carmona 0-0: Called Strike
0-1: Swinging Strike
0-2: Fly out, F9 (Flyball, 9S)
Batting: LHB Adrián Gómez 0-0: Ball
1-0: Fly out, F7 (Flyball, 7LMF)
Top of the 1st over - 0 runs, 0 hits, 0 errors, 0 left on base; Boston 0 - Portland 0
BOTTOM OF THE 1ST
Portland Evergreens batting - Pitching for Boston Patriots : RHP Manuel Sánchez
Pitching: RHP Manuel Sánchez
Batting: LHB Chris Payling 0-0: Ground out 4-3 (Groundball, 34)
Batting: SHB Willie McGirt 0-0: Ball
1-0: Ball
2-0: Swinging Strike
2-1: Foul Ball, location: 2F
2-2: Strikes out swinging
Batting: LHB Shahid Afridi 0-0: Ball
1-0: Ball
2-0: Called Strike
2-1: Foul Ball, location: 2F
2-2: Foul Ball, location: 2F
2-2: Ball
3-2: Fly out, F8 (Line Drive, 8RM)
Bottom of the 1st over - 0 runs, 0 hits, 0 errors, 0 left on base; Boston 0 - Portland 0
TOP OF THE 2ND
Boston Patriots batting - Pitching for Portland Evergreens : RHP Jeff Porter
Batting: LHB Jorge Alejándrez 0-0: Called Strike
0-1: Fly out, F9 (Flyball, 89M)
Pitching: LHP Shinzo Kumagai
Batting: RHB Kantaro Taniguchi 0-0: Ball
1-0: Swinging Strike
1-1: Ball
2-1: Ball
3-1: Fly out, F4 (Flyball, 4D)
Batting: LHB Stanley Belote 0-0: Foul Ball, location: 2F
0-1: Ground out 6-3 (Groundball, 6MS)
Top of the 2nd over - 0 runs, 0 hits, 0 errors, 0 left on base; Boston 0 - Portland 0
BOTTOM OF THE 2ND
Portland Evergreens batting - Pitching for Boston Patriots : RHP Manuel Sánchez
Batting: RHB Tae-cho Han 0-0: Swinging Strike
0-1: Called Strike
0-2: Ball
1-2: Ball
2-2: Foul Ball, location: 2F
2-2: Ball
3-2: Foul Ball, location: 2F
3-2: Foul Ball, location: 2F
3-2: Fly out, F9 (Flyball, 89M)
Batting: SHB Billy Dotson 0-0: Foul Ball, location: 2F
0-1: Ball
1-1: Ball
2-1: Fly out, F7 (Line Drive, 7)
Batting: LHB Calvin Wilms 0-0: Ball
1-0: Ball
2-0: Called Strike
2-1: Ball
3-1: Foul Ball, location: 2F
3-2: Base on Balls
Batting: RHB Nelson Jaramillo 0-0: Called Strike
0-1: Ball
1-1: Ball
2-1: Foul Ball, location: 2F
2-2: Fielders Choice at 2nd, 6-4 (Groundball, 6)
Bottom of the 2nd over - 0 runs, 0 hits, 0 errors, 1 left on base; Boston 0 - Portland 0
TOP OF THE 3RD
Boston Patriots batting - Pitching for Portland Evergreens : LHP Shinzo Kumagai
Batting: RHB Yu-shu Kang 0-0: Ball
1-0: Foul Ball, location: 2F
1-1: Bunted foul
1-2: Fly out, F5 (Popup, 56)
Batting: RHB Bartolo Morales 0-0: Called Strike
0-1: Ball
1-1: SINGLE (Line Drive, 6MD)
Batting: LHB Juan Alvarado 0-0: Ball
1-0: Called Strike
1-1: Fly out, F8 (Flyball, 8LD)
Batting: RHB Roland Deschain 0-0: Ball
1-0: Foul Ball, location: 2F
1-1: Foul Ball, location: 2F
1-2: SINGLE (Groundball, 6MD)
Bartolo Morales to second
Runner from 2nd tries for 3rd, OUT!
Top of the 3rd over - 0 runs, 2 hits, 0 errors, 1 left on base; Boston 0 - Portland 0
BOTTOM OF THE 3RD
Portland Evergreens batting - Pitching for Boston Patriots : RHP Manuel Sánchez
Batting: LHB Ramón Garmendia 0-0: Ball
1-0: Swinging Strike
1-1: Ball
2-1: Foul Ball, location: 2F
2-2: Ball
3-2: Base on Balls
Batting: LHB John Ennis 0-0: Ball
1-0: Ball
2-0: Ball
3-0: Called Strike
3-1: SINGLE (Line Drive, 3D)
Ramón Garmendia to second
Batting: LHB Chris Payling 0-0: Ball
1-0: SINGLE (Groundball, 6MD)
Ramón Garmendia to third
John Ennis to second
Runner from 3rd tries for Home, throw and OUT!
Batting: SHB Willie McGirt 0-0: Ball
Throwing error on steal attempt, E2
John Ennis scores
Chris Payling to third
1-0: Ball
2-0: Called Strike
2-1: Foul Ball, location: 2F
2-2: Fly out, F8 (Flyball, 89XD)
Runner from 3rd tags up, SCORES, no throw
Batting: LHB Shahid Afridi 0-0: Ball
1-0: Ball
2-0: Foul Ball, location: 2F
2-1: Ball
3-1: Called Strike
3-2: Foul Ball, location: 2F
3-2: Strikes out looking
Bottom of the 3rd over - 2 runs, 2 hits, 1 error, 0 left on base; Boston 0 - Portland 2
TOP OF THE 4TH
Boston Patriots batting - Pitching for Portland Evergreens : LHP Shinzo Kumagai
Batting: LHB Manuel Carmona 0-0: Called Strike
0-1: Ground out U3 (Groundball, 3)
Batting: LHB Adrián Gómez 0-0: Ball
1-0: Called Strike
1-1: Foul Ball, location: 2F
1-2: Strikes out swinging
Batting: LHB Jorge Alejándrez 0-0: Ball
1-0: Ball
2-0: Called Strike
2-1: SINGLE (Line Drive, 6D)
Batting: RHB Kantaro Taniguchi 0-0: Called Strike
0-1: Fly out, F8 (Flyball, 8LD)
Top of the 4th over - 0 runs, 1 hit, 0 errors, 1 left on base; Boston 0 - Portland 2
BOTTOM OF THE 4TH
Portland Evergreens batting - Pitching for Boston Patriots : RHP Manuel Sánchez
Batting: RHB Tae-cho Han 0-0: Ball
1-0: Foul Ball, location: 2F
1-1: Ball
2-1: Foul Ball, location: 2F
2-2: Ground out 5-3 (Groundball, 5)
Batting: SHB Billy Dotson 0-0: Called Strike
0-1: Fly out, F7 (Line Drive, 7)
Batting: LHB Calvin Wilms 0-0: Fly out, F5 (Popup, 5SF)
Bottom of the 4th over - 0 runs, 0 hits, 0 errors, 0 left on base; Boston 0 - Portland 2
TOP OF THE 5TH
Boston Patriots batting - Pitching for Portland Evergreens : LHP Shinzo Kumagai
Batting: LHB Stanley Belote 0-0: SOLO HOME RUN (Flyball, 9LD), Distance : 372 ft
Batting: RHB Yu-shu Kang 0-0: Ball
1-0: Ball
2-0: Ball
3-0: Called Strike
3-1: Foul Ball, location: 2F
3-2: Strikes out swinging
Batting: RHB Bartolo Morales 0-0: Called Strike
0-1: Ball
1-1: Foul Ball, location: 2F
1-2: Fly out, F7 (Line Drive, 7)
Batting: LHB Juan Alvarado 0-0: Ball
1-0: DOUBLE (Flyball, 78D)
Batting: RHB Roland Deschain 0-0: Swinging Strike
0-1: Foul Ball, location: 2F
0-2: Strikes out swinging
Top of the 5th over - 1 run, 2 hits, 0 errors, 1 left on base; Boston 1 - Portland 2
BOTTOM OF THE 5TH
Portland Evergreens batting - Pitching for Boston Patriots : RHP Manuel Sánchez
Batting: RHB Nelson Jaramillo 0-0: Swinging Strike
0-1: Ball
1-1: Ball
2-1: Ball
3-1: Base on Balls
Batting: LHB Ramón Garmendia 0-0: Sac Bunt - play at first, batter OUT! 1-3
Nelson Jaramillo to second
Batting: LHB John Ennis 0-0: Swinging Strike
0-1: Ball
1-1: Foul Ball, location: 2F
1-2: Ball
2-2: Ball
Wild Pitch!
Nelson Jaramillo to third
3-2: Base on Balls
Batting: LHB Chris Payling 0-0: DOUBLE (Line Drive, 7D)
Nelson Jaramillo scores
John Ennis to third
Runner from 3rd tries for Home, SAFE, throw made at trailing runner, OUT at third!
Batting: SHB Willie McGirt 0-0: Foul Ball, location: 2F
0-1: Foul Ball, location: 2F
0-2: Ball
1-2: Ball
2-2: Fly out, F8 (Flyball, 89S)
Bottom of the 5th over - 2 runs, 1 hit, 0 errors, 0 left on base; Boston 1 - Portland 4
TOP OF THE 6TH
Boston Patriots batting - Pitching for Portland Evergreens : LHP Shinzo Kumagai
Batting: LHB Manuel Carmona 0-0: Ball
1-0: Swinging Strike
1-1: Foul Ball, location: 2F
1-2: Ball
2-2: Ground out 4-3 (Groundball, 34)
Batting: LHB Adrián Gómez 0-0: Swinging Strike
0-1: Ball
1-1: Ball
2-1: Ball
3-1: Foul Ball, location: 2F
3-2: Base on Balls
Pitching: RHP Keith Rojas
Batting: LHB Jorge Alejándrez 0-0: 2-RUN HOME RUN (Flyball, 9LD), Distance : 391 ft
Batting: RHB Kantaro Taniguchi 0-0: Called Strike
0-1: Fly out, F5 (Popup, 5D)
Batting: LHB Stanley Belote 0-0: Swinging Strike
0-1: Foul Ball, location: 2F
0-2: Ball
1-2: SINGLE (Line Drive, 89S)
Batting: RHB Yu-shu Kang 0-0: Ball
1-0: Foul Ball, location: 2F
1-1: Ball
2-1: Swinging Strike
2-2: Ball
3-2: Base on Balls
Stanley Belote to second
Batting: RHB Bartolo Morales 0-0: Foul Ball, location: 2F
0-1: Foul Ball, location: 2F
0-2: DOUBLE (Line Drive, 7D)
Stanley Belote scores
Yu-shu Kang to third
Runner from 3rd tries for Home, SAFE, no throw
Pitching: LHP Ming-jiang Wu
Batting: LHB Juan Alvarado 0-0: Called Strike
0-1: Ball
1-1: Foul Ball, location: 2F
1-2: Ball
2-2: Ground out U3 (Groundball, 3L)
Top of the 6th over - 4 runs, 3 hits, 0 errors, 1 left on base; Boston 5 - Portland 4
BOTTOM OF THE 6TH
Portland Evergreens batting - Pitching for Boston Patriots : RHP Manuel Sánchez
Batting: LHB Shahid Afridi 0-0: Foul Ball, location: 2F
0-1: Ball
1-1: Ground out 6-3 (Groundball, 6M)
Batting: RHB Tae-cho Han 0-0: Ball
1-0: Ball
2-0: Ball
3-0: Base on Balls
Pitching: RHP Santiago Alonza
Batting: SHB Billy Dotson 0-0: SINGLE (Line Drive, 7S)
Tae-cho Han to second
Batting: LHB Calvin Wilms 0-0: Ball
1-0: Called Strike
1-1: Ground out 5-3 (Groundball, 56)
Tae-cho Han to third
Billy Dotson to second
Batting: RHB Nelson Jaramillo 0-0: Swinging Strike
0-1: Ball
1-1: Foul Ball, location: 2F
1-2: Hit by Pitch
Batting: LHB Ramón Garmendia 0-0: Called Strike
0-1: Ground out 4-3 (Groundball, 4)
Bottom of the 6th over - 0 runs, 1 hit, 0 errors, 3 left on base; Boston 5 - Portland 4
TOP OF THE 7TH
Boston Patriots batting - Pitching for Portland Evergreens : LHP Ming-jiang Wu
Pitching: RHP Jeff Solís
Batting: RHB Roland Deschain 0-0: Swinging Strike
0-1: Foul Ball, location: 2F
0-2: Foul Ball, location: 2F
0-2: Foul Ball, location: 2F
0-2: Foul Ball, location: 2F
0-2: Ball
1-2: SINGLE (Groundball, 56D)
Pitching: RHP César Albó
Batting: LHB Manuel Carmona 0-0: Ball
1-0: SINGLE (Popup, 6D)
Roland Deschain to second
Batting: LHB Adrián Gómez 0-0: Ball
Roland Deschain steals 3rd base
Manuel Carmona to second
1-0: Ball
2-0: Foul Ball, location: 2F
2-1: DOUBLE (Flyball, 8LXD)
Roland Deschain scores
Manuel Carmona scores
Batting: LHB Jorge Alejándrez 0-0: Intentional Walk
Batting: RHB Kantaro Taniguchi 0-0: Called Strike
0-1: Swinging Strike
0-2: Foul Ball, location: 2F
0-2: Strikes out swinging
Batting: LHB Stanley Belote 0-0: Ball
1-0: Fly out, F1 (Popup, P)
Batting: RHB Yu-shu Kang 0-0: Ball
1-0: Called Strike
1-1: Ball
2-1: Foul Ball, location: 2F
2-2: Strikes out swinging
Top of the 7th over - 2 runs, 3 hits, 0 errors, 2 left on base; Boston 7 - Portland 4
BOTTOM OF THE 7TH
Portland Evergreens batting - Pitching for Boston Patriots : RHP Santiago Alonza
Batting: LHB John Ennis 0-0: Ground out 6-3 (Groundball, 6D)
Batting: LHB Chris Payling 0-0: Ball
1-0: Called Strike
1-1: Ball
2-1: Called Strike
2-2: SINGLE (Groundball, 34D)
Batting: SHB Willie McGirt 0-0: Ball
Chris Payling steals 2nd base
1-0: Ball
2-0: Ball
3-0: Base on Balls
Batting: LHB Shahid Afridi 0-0: Foul Ball, location: 2F
0-1: Swinging Strike
0-2: Ball
1-2: Strikes out swinging
Batting: RHB Tae-cho Han 0-0: Ball
1-0: Called Strike
1-1: Foul Ball, location: 2F
1-2: Ball
Balk!
Chris Payling to third
Willie McGirt to second
2-2: Ball
3-2: Base on Balls
Batting: SHB Billy Dotson 0-0: Called Strike
0-1: Fly out, F8 (Flyball, 8LXD)
Bottom of the 7th over - 0 runs, 1 hit, 0 errors, 3 left on base; Boston 7 - Portland 4
TOP OF THE 8TH
Boston Patriots batting - Pitching for Portland Evergreens : RHP César Albó
Batting: RHB Bartolo Morales 0-0: SINGLE (Groundball, 6MD)
Batting: LHB Juan Alvarado 0-0: Ball
Bartolo Morales steals 2nd base
1-0: Called Strike
1-1: Ball
2-1: Ball
3-1: Bunted foul
3-2: Base on Balls
Batting: RHB Roland Deschain 0-0: Bunted foul
0-1: Bunted foul
0-2: Ball
1-2: Foul Ball, location: 2F
1-2: Strikes out looking
Batting: LHB Manuel Carmona 0-0: Ball
1-0: Called Strike
1-1: Foul Ball, location: 2F
1-2: Ball
2-2: Ball
3-2: Strikes out swinging
Batting: LHB Adrián Gómez 0-0: Fly out, F7 (Flyball, 7D)
Top of the 8th over - 0 runs, 1 hit, 0 errors, 2 left on base; Boston 7 - Portland 4
BOTTOM OF THE 8TH
Portland Evergreens batting - Pitching for Boston Patriots : RHP Santiago Alonza
Batting: LHB Calvin Wilms 0-0: Foul Ball, location: 2F
0-1: Ball
1-1: Swinging Strike
1-2: Ball
2-2: Ball
3-2: Foul Ball, location: 2F
3-2: Base on Balls
Batting: RHB Nelson Jaramillo 0-0: Called Strike
0-1: Ball
1-1: Called Strike
1-2: Strikes out swinging
Batting: LHB Ramón Garmendia 0-0: Called Strike
0-1: Foul Ball, location: 2F
0-2: Foul Ball, location: 2F
0-2: Strikes out looking
Batting: LHB John Ennis 0-0: Called Strike
0-1: Ball
1-1: Foul Ball, location: 2F
1-2: Strikes out looking
Bottom of the 8th over - 0 runs, 0 hits, 0 errors, 1 left on base; Boston 7 - Portland 4
TOP OF THE 9TH
Boston Patriots batting - Pitching for Portland Evergreens : RHP César Albó
Batting: LHB Jorge Alejándrez 0-0: SINGLE (Groundball, 4D)
Batting: RHB Kantaro Taniguchi 0-0: Ball
1-0: Ball
2-0: Ball
3-0: Called Strike
3-1: Called Strike
3-2: Ground out 6-3 (Groundball, 6MD)
Jorge Alejándrez to second
Batting: LHB Stanley Belote 0-0: Intentional Walk
Batting: RHB Yu-shu Kang 0-0: Ball
1-0: Grounds into double play, 6-4-3 (Groundball, 6)
Top of the 9th over - 0 runs, 1 hit, 0 errors, 1 left on base; Boston 7 - Portland 4
BOTTOM OF THE 9TH
Portland Evergreens batting - Pitching for Boston Patriots : RHP Santiago Alonza
Batting: LHB Chris Payling 0-0: Ball
1-0: Called Strike
1-1: Ball
2-1: Ball
3-1: Foul Ball, location: 2F
3-2: Foul Ball, location: 2F
3-2: Base on Balls
Pitching: RHP Armando Garay
Batting: SHB Willie McGirt 0-0: Ball
1-0: Called Strike
1-1: Ball
2-1: Ball
3-1: Called Strike
3-2: Foul Ball, location: 2F
3-2: DOUBLE (Line Drive, 9LM)
Chris Payling to third
Batting: LHB Shahid Afridi 0-0: Ball
1-0: Ball
2-0: Called Strike
2-1: Ground out U3 (Groundball, 3)
Batting: RHB Tae-cho Han 0-0: Fly out, F7 (Flyball, 7)
Runner from 3rd tags up, SCORES, no throw
Batting: SHB Billy Dotson 0-0: Fly out, F9 (Line Drive, 89M)
Bottom of the 9th over - 1 run, 1 hit, 0 errors, 1 left on base; Boston 7 - Portland 5
Friday, March 29th, 2019 - OOTP Baseball 18.8 Build 76